 Dungeon Crawl Stone Soup version 0.30.1-3-gfc49f6343a (webtiles) character file.

Game seed: 1414791970503763030

487 booth the Grave Robber (level 6, -3/44 HPs)
             Began as a Demonspawn Necromancer on Aug 6, 2023.
             Slain by a sleepcap (6 damage)
             ... on level 5 of the Dungeon on Aug 7, 2023.
             The game lasted 00:29:48 (3916 turns).

booth the Grave Robber (Demonspawn Necromancer)     Turns: 3916, Time: 00:29:48

Health: -3/44      AC:  4    Str: 15    XL:     6   Next: 89%
Magic:  7/10       EV: 18    Int: 16    God:
Gold:   249        SH:  5    Dex: 14    Spells: 2/11 levels left

rFire   + . .        l - staff of cold "Wysur" {rC+ rCorr Str+5}
rCold   + . .        (no shield)
rNeg    . . .        a - +1 robe
rPois   .            i - +0 helmet
rElec   .            (no cloak)
rCorr   +            (no gloves)
SInv    +            (no boots)
Will    .....        s - amulet of reflection
Stlth   ++           n - ring of see invisible
HPRegen 0.27/turn    o - +5 ring of evasion
MPRegen 0.12/turn

%: random rage (3%), reflection
@: no status effects
A: hooves 1, foul stench 2, berserk 1, fire resistance 1
a: no special abilities


You were on level 5 of the Dungeon.
You visited 2 branches of the dungeon, and saw 6 of its levels.

You collected 249 gold pieces.

Inventory:

Hand Weapons
 f - a +0 mace
Missiles
 c - 7 boomerangs (quivered)
 v - 8 poisoned darts
Armour
 a - a +1 robe (worn)
 i - a +0 helmet (worn)
Magical Staves
 l - the staff of cold "Wysur" (weapon) {rC+ rCorr Str+5}
   (You found it on level 2 of the Dungeon)

   [staff of cold]

   Base accuracy: +5 Base damage: 5 Base attack delay: 1.2 This weapon's minimum
   attack delay (0.6) is reached at skill level 12.
   Str:       It affects your strength (+5).
   rC:        It protects you from cold.
   rCorr:     It protects you from acid and corrosion.
   It falls into the 'Staves' category.
   It is a one-handed weapon.
Jewellery
 h - a ring of flight
 n - a ring of see invisible (left hand)
 o - a +5 ring of evasion (right hand)
 s - an amulet of reflection (around neck)
 u - a ring of willpower
Wands
 k - a wand of charming (14)
 m - a wand of flame (29)
Scrolls
 d - 2 scrolls of teleportation
 r - a scroll of magic mapping
Potions
 b - a potion of magic
 g - a potion of haste
 j - a potion of ambrosia
 q - 2 potions of curing


   Skills:
 + Level 1.9 Fighting
 - Level 0.5(1.2) Maces & Flails
 + Level 1.5(1.6) Staves
 + Level 3.0 Dodging
 + Level 3.2 Stealth
 + Level 3.1 Spellcasting
 + Level 5.3 Necromancy
 * Level 2.7 Ice Magic


You had 2 spell levels left.
You knew the following spells:

 Your Spells              Type           Power      Damage    Failure   Level
a - Necrotise             Necr           76%        1d7       1%          1
b - Freeze                Ice            64%        1d7       6%          1
c - Vampiric Draining     Necr           19%        2d7       6%          3
d - Animate Dead          Necr           19%        N/A       21%         4

Your spell library contained the following spells:

 Spells                   Type           Power      Damage    Failure   Level
 Sandblast                Erth           4%         2d4       19%         1
 Slow                     Hex            8%         N/A       19%         1
 Passwall                 Tmut/Erth      1%         N/A       28%         2
 Frozen Ramparts          Ice            32%        1d5       19%         3
 Hailstorm                Conj/Ice       10%        3d5       32%         3
 Confusing Touch          Hex            2%         N/A       50%         3
 Stone Arrow              Conj/Erth      4%         3d7       50%         3
 Agony                    Necr           19%        N/A       50%         5


Dungeon Overview and Level Annotations

Branches:
Dungeon (5/15)             Temple (1/1) D:4

Altars:
Cheibriados
Fedhas
Okawaru
Qazlal
Uskayaw
Xom
Yredelemnul

Shops:
D:2 ?


Innate Abilities, Weirdness & Mutations

You have large cloven feet.
You sometimes emit foul miasma when damaged in melee.
You sometimes lose your temper in combat.
Your flesh is heat resistant. (rF+)


Message History

You are engulfed in a cloud of soporific spores!
You fall asleep.
Your orc skeleton hits the sleepcap but does no damage.
Your orc priest skeleton hits the sleepcap.
The sleepcap releases spores at you!!
You wake up.
* * * LOW HITPOINT WARNING * * *
You emit a cloud of foul miasma!
Your orc skeleton hits the sleepcap but does no damage.
Your orc priest skeleton hits the sleepcap but does no damage.
The sleepcap is engulfed in dark miasma.
The sleepcap is poisoned.
You see here a +0 dagger.
You hit the sleepcap but do no damage.
The sleepcap is heavily damaged.
You block the sleepcap's attack.
Your orc priest skeleton hits the sleepcap.
You completely miss the sleepcap.
The sleepcap is heavily damaged.
Your orc skeleton hits the sleepcap.
The sleepcap barely misses you.
Your orc priest skeleton hits the sleepcap.
You hit the sleepcap.
You kick the sleepcap, but do no damage.
The sleepcap is severely damaged.
You block the sleepcap's attack.
Your orc skeleton hits the sleepcap but does no damage.
You hit the sleepcap. You kick the sleepcap.
The sleepcap is almost destroyed.
Your orc priest skeleton hits the sleepcap but does no damage.
You block the sleepcap's attack.
Your orc skeleton hits the sleepcap.
You hit the sleepcap but do no damage.
You kick the sleepcap, but do no damage.
The sleepcap is almost destroyed.
The sleepcap misses you.
Your orc priest skeleton hits the sleepcap but does no damage.
Your orc skeleton hits the sleepcap but does no damage.
You completely miss the sleepcap.
You kick the sleepcap, but do no damage.
The sleepcap is almost destroyed.
The sleepcap releases spores at you.
You die...

..... ###
..... ..#
.....##.####
...........#
...........#
...........#
......Z....#
......Zf...#
.....##@####
... #.# . #.#
#.#
#########.#
#.........#
####.......[.#
#............#
#.##.........#


You could see a sleepcap (poisoned, ally target), a friendly orc skeleton and a
friendly orc priest skeleton.

Vanquished Creatures
  A scorpion (D:4)
  3 jellies
  An orc priest (D:5)
  A hound (D:4)
  3 iguanas
  An orc wizard (D:3)
  Robin (D:2)
  4 adders
  An ufetubus (D:4)
  3 worms
  A dart slug (D:3)
  8 orcs
  6 ball pythons
  16 endoplasms
  3 giant cockroaches
  10 goblins
  11 hobgoblins
  4 jackals (D:4)
  16 kobolds
  4 quokkas
  2 bats (D:1)
  5 frilled lizards
  2 rats
107 creatures vanquished.

Vanquished Creatures (collateral kills)
  2 ball pythons
  A quokka (D:1)
  A bat (D:1)
  A goblin (D:2)
  A rat (D:1)
6 creatures vanquished.

Grand Total: 113 creatures vanquished

Notes
Turn   | Place    | Note
-------+----------+-------------------------------------------
     0 | D:1      | booth the Demonspawn Necromancer began the quest for the
                  | Orb.
     0 | D:1      | Reached XP level 1. HP: 13/13 MP: 3/3
   240 | D:1      | Gained mutation: You may rarely emit foul miasma when
                  | damaged in melee. [demonic ancestry]
   240 | D:1      | Reached XP level 2. HP: 19/19 MP: 1/5
   802 | D:2      | Gained mutation: You have large cloven feet. [demonic
                  | ancestry]
   802 | D:2      | Reached XP level 3. HP: 24/24 MP: 2/6
   913 | D:2      | Found Lyug's Magic Scroll Boutique.
   967 | D:2      | Noticed Robin
   988 | D:2      | Killed Robin
  1019 | D:2      | Reached XP level 4. HP: 18/31 MP: 1/7
  1265 | D:2      | Identified the staff of cold "Wysur" {rC+ rCorr Str+5}
  1294 | D:2      | Learned a level 1 spell: Freeze
  1298 | D:2      | Learned a level 3 spell: Vampiric Draining
  1943 | D:3      | Found a faded altar of an unknown god.
  1979 | D:3      | Reached skill level 1 in Ice Magic
  2007 | D:3      | Reached skill level 1 in Fighting
  2086 | D:3      | Gained mutation: You sometimes emit foul miasma when
                  | damaged in melee. [demonic ancestry]
  2086 | D:3      | Reached XP level 5. HP: 37/37 MP: 6/8
  2577 | D:3      | Gained mutation: You sometimes lose your temper in combat.
                  | [potion of mutation]
  2577 | D:3      | Gained mutation: Your flesh is heat resistant. (rF+)
                  | [potion of mutation]
  2607 | D:4      | Learned a level 4 spell: Animate Dead
  2685 | D:4      | Reached skill level 5 in Necromancy
  2836 | D:4      | Reached skill level 1 in Staves
  2949 | D:4      | Reached XP level 6. HP: 43/43 MP: 5/10
  3099 | D:4      | Found a staircase to the Ecumenical Temple.
  3128 | Temple   | Entered the Ecumenical Temple
  3801 | D:5      | Entered Level 5 of the Dungeon
  3909 | D:5      | HP: 1/44 [sleepcap (19)]
  3916 | D:5      | Slain by a sleepcap

Illustrated notes

Levels and vault maps discovered:
D:1:      psy_arrival_terrarium, layout_loops_cross, minmay_tiny_reverse_x
D:2:      layout_loops_ring, serial_shops, nicolae_shop_just_a_little_nook,
          uniq_robin
D:3:      layout_loops_ring, shapermc_ecumenical_altar_notcrosses
D:4:      cheibrodos_fertilizer, layout_basic, minmay_temple_entry_crystal_x,
          minivault_25
D:5:      dreamdust_elfheim, layout_basic, serial_shops, nicolae_take_the_stairs
Temple:   hellmonk_temple_rainy

Skill      XL: |  1  2  3  4  5  6 |
---------------+-------------------+-----
Stealth        | 2 3 |  3.2
Dodging        | 2 3 |  3.0
Ice Magic      | 1 2 |  2.7
Fighting       | 1 |  1.9
Necromancy     | 5 |  5.3
Staves         | 1 |  1.5
Spellcasting   | 3 |  3.1
Maces & Flails | |  0.5

Action                     |  1- 3 |  4- 6 || total
---------------------------+-------+-------++-------
  Melee: Mace              |    43 |     1 ||    44
         Kick              |     5 |    36 ||    41
         Staff             |       |   105 ||   105
         Punch             |       |     1 ||     1
  Throw: Boomerang         |     1 |    12 ||    13
         Dart              |       |     1 ||     1
   Cast: Necrotise         |    46 |    73 ||   119
         Freeze            |       |    26 ||    26
    Use: Scroll            |     4 |     3 ||     7
         Potion            |     2 |     5 ||     7
   Stab: Sleeping          |       |     2 ||     2
 Armour: Robe              |    25 |    20 ||    45
  Dodge: Dodged            |    51 |   106 ||   157
  Block: Other             |       |    17 ||    17
